 Dungeon Crawl Stone Soup version 0.25-a0-62-g88673ef095 (console) character file.

Game seed: 1374680966773938425, levelgen mode: deterministic

36 utis the Conjurer (level 3, -3/19 HPs)
             Began as a Tengu Conjurer on Oct 31, 2019.
             Slain by an orc
             ... wielding a cursed +0 war axe
              (7 damage)
             ... on level 2 of the Dungeon on Nov 1, 2019.
             The game lasted 00:04:58 (2252 turns).

utis the Conjurer (Tengu Conjurer)                  Turns: 2252, Time: 00:04:58

Health: -3/19      AC:  5    Str:  8    XL:     3   Next: 37%
Magic:  7/7        EV: 11    Int: 16    God:
Gold:   74         SH:  0    Dex: 14    Spells: 3/6 levels left

rFire    . . .     SeeInvis .   o - +0 dagger (drain)
rCold    . . .     Gourm    .   (no shield)
rNeg     . . .     Faith    .   j - +0 ring mail
rPois    .         Spirit   .   (helmet restricted)
rElec    .         Reflect  .   (no cloak)
rCorr    .         Harm     .   (no gloves)
MR       .....                  (boots unavailable)
Stlth    ++........             (no amulet)
HPRegen  0.06/turn              Q - ring of stealth
MPRegen  0.10/turn              (no ring)

@: no status effects
A: beak, talons 3
a: no special abilities


You were on level 2 of the Dungeon.
You were not hungry.

You visited 1 branch of the dungeon, and saw 3 of its levels.

You collected 74 gold pieces.

Inventory:

Hand Weapons
 f - a +0 dagger
 o - a +0 dagger of draining (weapon)
Armour
 a - a +0 robe
 j - a +0 ring mail (worn)
Jewellery
 Q - a ring of stealth (left hand)
Scrolls
 b - a scroll of remove curse {unknown}
 e - a scroll of magic mapping {unknown}
 g - 2 scrolls of random uselessness {unknown}
 k - 2 scrolls of identify {unknown}
 m - a scroll of enchant weapon {unknown}
Potions
 h - 3 potions of curing {unknown}
 i - 2 potions of agility {unknown}
 l - a potion of heal wounds {unknown}
 n - a potion of haste {unknown}
Comestibles
 c - 5 rations {@e1}
 d - 2 chunks of flesh


   Skills:
 + Level 3.2 Dodging
 - Level 2.0 Stealth
 - Level 2.0 Spellcasting
 + Level 6.1 Conjurations


You had 3 spell levels left.
You knew the following spells:

 Your Spells              Type           Power        Failure   Level  Hunger
a - Magic Dart            Conj           ###.         5%          1    #......
y - Searing Ray           Conj           ###...       8%          2    ###....

Your spell library contained the following spells:

 Spells                   Type           Power        Failure   Level  Hunger
 Dazzling Spray           Conj/Hex       ##....       50%         3    ###....
 Iskenderun's Mystic Bla  Conj           ###.....     45%         4    #####..
 Force Lance              Conj/Tloc      ##......     88%         4    #####..
 Fulminant Prism          Conj/Hex       ##........   88%         4    #####..


Dungeon Overview and Level Annotations

Branches:
Dungeon (3/15)

Altars:


Innate Abilities, Weirdness & Mutations

You have a beak for a mouth.
You have claws for feet.


Message History

You barely miss the orc. The orc completely misses you.
The orc hits you with a cursed +0 war axe.
You hit the orc. Your kick misses the orc.
The orc is lightly wounded.
The orc barely misses you. x3
You hit the orc. Your kick misses the orc.
The orc is heavily wounded.
The orc misses you. The orc hits you but does no damage.
The orc hits you with a cursed +0 war axe!
* * * LOW HITPOINT WARNING * * *
Unknown command.
Things that are here:
a +0 dagger; a goblin skeleton
There is a stone staircase leading up here.
The orc misses you.
You climb upwards.
There is a stone staircase leading down here.
There is an escape hatch in the ceiling here.
The orc hits you with a cursed +0 war axe!
You die...

░░░░░.P..░░.................░ ░.░
...░░P.88░░░.░░░............░ ░..
░░.░░.PP.░ ░.░ ░.░░░░░░░░░░.░ ░..
░.░░P...░░░.░░░.░░░░░░░ ░.░ ░.<
░.░░░░.░.░░...........░ ░.░ ░..
░░.░░░.░░░.░.░░░.░░░░░.░░░░.░░░░.
......░░ ░░..░ ░.░ ░.░░...>....
...░░░.░░░.░.░ ░.░ ░....░>░░░░.
░░░░ ░░>░.░░.░░░Q░░░ ░.░░░░.░ ░.
░░.░░░....o..░░░.░░░░.░ ░░.
░░.░░░░░░░............░░░.. ░.<.░
░░░.░░░........... ░...░ ░.░
░.░░░░.░░░.. ░░ ░...░
░.░░░.░░...░ ░.. .░ ░░.░░
░......░.░.░░░.. .░ ░.░
░.░░░░.......░.. .░ ░.░
░........░...░..


You could see an orc.

Vanquished Creatures
  An ooze (D:2)
  An adder zombie (D:2)
  An adder skeleton (D:2)
  A worm (D:2)
  An orc (D:3)
  6 bats
  A goblin (D:3)
  2 hobgoblins
  A ball python (D:1)
  A giant cockroach zombie (D:2)
  3 kobolds
  A quokka skeleton (D:2)
  4 rats
24 creatures vanquished.

Notes
Turn   | Place    | Note
-------+----------+-------------------------------------------
     0 | D:1      | utis the Tengu Conjurer began the quest for the Orb.
     0 | D:1      | Reached XP level 1. HP: 10/10 MP: 4/4
   441 | D:1      | Reached XP level 2. HP: 6/15 MP: 4/6
   618 | D:1      | Learned a level 2 spell: Searing Ray
  1563 | D:2      | Reached skill level 6 in Conjurations
  1563 | D:2      | Reached XP level 3. HP: 18/19 MP: 3/7
  1651 | D:2      | Found a faded altar of an unknown god.
  2252 | D:2      | Slain by an orc

Levels and vault maps discovered:
D:1:      dpeg_arrival_chambers_temple_mockup, layout_basic
D:2:      layout_loops_ring, serial_undead, serial_undead_b, serial_undead_d,
          serial_undead_b, serial_undead_c,
          chequers_ecumenical_altar_simple_redux
D:3:      layout_basic

Skill      XL: |  1  2 |
---------------+-------+-----
Dodging        | 3 |  3.2
Conjurations   | 6 |  6.1
Stealth        | |  2.0
Spellcasting   | |  2.0

Action                   || total
-------------------------++-------
Melee: Dagger            ||    23
       Kick              ||     6
       Peck              ||     2
 Cast: Magic Dart        ||    36
       Searing Ray       ||     1
  Eat: Chunk             ||     5
Armor: Ring mail         ||     8
Dodge: Dodged            ||    14

Table legend:
 A = Non-vault XP
 B = Vault XP
 C = Vault XP percentage of total XP
 D = Non-vault monster count
 E = Vault monster count
 F = Vault count percentage of total count
                 A         B        C        D         E       F
            +---------+---------+-------+---------+---------+-------
      Total |      39 |      13 |  25.0 |      20 |       4 |  16.7
            +---------+---------+-------+---------+---------+-------
        D:1 |      14 |       0 |   0.0 |      10 |       0 |   0.0
        D:2 |      19 |      13 |  40.6 |       7 |       4 |  36.4
        D:3 |       6 |       0 |   0.0 |       3 |       0 |   0.0
            +---------+---------+-------+---------+---------+-------
